 Dungeon Crawl Stone Soup version 0.29-a0-598-gd8304a5bf4 (webtiles) character file.

Game seed: 4223223319840679265

549 vineage the Skirmisher (level 7, -1/46 HPs)
             Began as a Gargoyle Fighter on June 15, 2022.
             Slain by a yak (5 damage)
             ... on level 4 of the Dungeon.
             The game lasted 00:03:10 (3564 turns).

vineage the Skirmisher (Gargoyle Fighter)           Turns: 3564, Time: 00:03:10

Health: -1/46      AC: 19    Str: 21    XL:     7   Next: 28%
Magic:  7/7        EV:  6    Int:  9    God:
Gold:   343        SH:  8    Dex: 12    Spells: 6/6 levels left

rFire   . . .      SeeInvis .   a - +1 flail
rCold   . . .      Faith    .   b - +0 kite shield of Vailytir {Dex+3}
rNeg    + . .      Spirit   .   o - +0 shadow dragon scales
rPois   ∞          Reflect  .   (no helmet)
rElec   +          Harm     .   (no cloak)
rCorr   .          Rampage  .   j - +0 pair of gloves
Will    .....                   (no boots)
Stlth   ++........              (no amulet)
HPRegen 0.15/turn               (no ring)
MPRegen 0.10/turn               (no ring)

@: mighty, flying, unable to read
A: sickness immunity, AC +4, negative energy resistance 1, electricity
resistance, torment resistance 1, petrification resistance, inability to read
while threatened, MP-powered wands
a: no special abilities


You were on level 4 of the Dungeon.
You visited 1 branch of the dungeon, and saw 5 of its levels.

You collected 343 gold pieces.

Inventory:

Hand Weapons
 a - a +1 flail (weapon)
Armour
 b - the +0 kite shield of Vailytir (worn) {Dex+3}
   (You acquired it on level 3 of the Dungeon)

   Dex:       It affects your dexterity (+3).
 c - a +0 buckler
 j - a +0 pair of gloves (worn)
 o - +0 shadow dragon scales (worn)
Jewellery
 i - the amulet of the Morning {Acrobat rPois rF+ Will- Stlth+}
   (You found it on level 4 of the Dungeon)

   [amulet of the acrobat]

   It increases your evasion while moving and waiting.
   rF:        It protects you from fire.
   rPois:     It protects you from poison.
   Will:      It decreases your willpower.
   Stlth:     It makes you more stealthy.
Wands
 n - a wand of light (10)
Scrolls
 e - 5 scrolls of teleportation
 f - 4 scrolls of identify
 h - a scroll of noise {unknown}
 p - a scroll of poison
 q - a scroll of torment {unknown}
Potions
 g - 2 potions of curing
 r - a potion of attraction {unknown}


   Skills:
 * Level 6.2 Fighting
 * Level 5.1 Maces & Flails
 + Level 4.9 Armour
 - Level 3.2 Shields


You had 6 spell levels left.
You didn't know any spells.
Your spell library contained the following spells:

 Spells                   Type           Power      Damage    Failure   Level
 Freeze                   Ice            0%         1d3       100%        1
 Summon Small Mammal      Summ           0%         N/A       100%        1
 Call Canine Familiar     Summ           0%         N/A       100%        3
 Frozen Ramparts          Ice            0%         1d2       100%        3
 Summon Guardian Golem    Hex/Summ       0%         N/A       100%        3
 Hailstorm                Conj/Ice       0%         3d3       100%        4


Dungeon Overview and Level Annotations

Branches:
Dungeon (5/15)
 Temple: D:4-7

Altars:
Cheibriados
Elyvilon
Fedhas
Gozag
Sif Muna
Yredelemnul

Annotations:
D:3 exclusion: oklob plant


Innate Abilities, Weirdness & Mutations

You are immune to sickness and miasma.
Your stone body is resilient. (AC +4)
You are immune to poison.
You resist negative energy. (rN+)
You are resistant to electric shocks. (rElec)
You are resistant to unholy torment.
You are immune to petrification.
You sometimes lose the ability to read scrolls when taking damage.
You expend magic power (3 MP) to strengthen your wands.


Message History

There is a stone staircase leading down here.
The yak attacks as you move away! The yak gores you.
* * * LOW HITPOINT WARNING * * *
You feel very mighty all of a sudden. The yak barely misses you.
The yak gores you!
* * * LOW HITPOINT WARNING * * *
The yak attacks as you move away! The yak completely misses you.
The yak attacks as you move away! The yak gores you but does no damage.
The yak attacks as you move away! The yak gores you.
* * * LOW HITPOINT WARNING * * *
There is an open door here.
The yak attacks as you move away! You block the yak's attack.
You feel better. You block the yak's attack.
It was a potion of mutation.
You feel extremely strange.
You lose the ability to read scrolls when threatened.
You feel your magical essence link to the dungeon's wands.
You block the yak's attack.
It was a potion of flight.
You feel very buoyant.
You fly up into the air.
You block the yak's attack.
You thump the yak!
The yak is lightly wounded.
The yak gores you but does no damage.
You sock the yak!
The yak is heavily wounded.
You block the yak's attack. The yak gores you!
You feel threatened and lose the ability to read scrolls!
* * * LOW HITPOINT WARNING * * *
You thump the yak!
The yak is severely wounded.
You block the yak's attack.
You sock the yak!
You kill the yak!
Your Fighting skill increases to level 6!
Your Maces & Flails skill increases to level 5!
You have reached level 7!
You closely miss the yak. The yak gores you but does no damage.
You block the yak's attack.
You closely miss the yak. The yak gores you.
You die...

#..#.###.########........#
#..#..##..########.......#
...##.##.......# #.......#
##.##..#.....#.# #.##.####
##.###.#...#.#.###.##.#
##.................##.#
.#........#####.....#.#
......#####...#####.#.###
##....'....._...@Y'.....#
......#####...#####..#.##
##........#####......#.#
....................##.#
........###.#.#.>...##.#
...#..### #.#..†.....#.##
##...## #.##.<.....#..#
....## #.............#
.############.#.....##..#####


You could see a yak.

Vanquished Creatures
  2 yaks (D:4)
  The ghost of dbhg the Skirmisher, an amateur DsFi (D:4)
  An orc wizard (D:3)
  4 adders
  An ufetubus (D:5)
  2 worms
  2 orcs (D:3)
  A bat (D:3)
  4 endoplasms
  A giant cockroach (D:1)
  2 hobgoblins
  2 jackals (D:4)
  7 kobolds
  2 quokkas (D:3)
  4 ball pythons
  2 frilled lizards
  A goblin (D:2)
  3 rats
  A spectral orc (D:4)
43 creatures vanquished.

Vanquished Creatures (others)
  A giant cockroach (D:3)
  A plant (D:1)
  2 withered plants (D:4)
4 creatures vanquished.

Grand Total: 47 creatures vanquished

Notes
Turn   | Place    | Note
-------+----------+-------------------------------------------
     0 | D:1      | vineage the Gargoyle Fighter began the quest for the Orb.
     0 | D:1      | Reached XP level 1. HP: 14/14 MP: 1/1
   726 | D:2      | Reached XP level 2. HP: 15/19 MP: 2/2
  1177 | D:2      | Reached XP level 3. HP: 14/24 MP: 3/3
  1391 | D:2      | Found a faded altar of an unknown god.
  1679 | D:3      | Reached skill level 4 in Fighting
  1700 | D:3      | Identified a scroll of acquirement
  1700 | D:3      | Acquired the +0 kite shield of Vailytir {Dex+3}
  1762 | D:3      | Reached XP level 4. HP: 20/29 MP: 4/4
  1972 | D:3      | Found a blossoming altar of Fedhas.
  1984 | D:3      | Noticed an oklob plant
  2282 | D:3      | Found a white marble altar of Elyvilon.
  2628 | D:4      | Identified the amulet of the Morning {Acrobat rPois rF+
                  | Will- Stlth+}
  2674 | D:4      | Found a shimmering blue altar of Sif Muna.
  2719 | D:4      | Found a basalt altar of Yredelemnul.
  2761 | D:4      | Found a snail-covered altar of Cheibriados.
  2977 | D:4      | Found an opulent altar of Gozag.
  3040 | D:4      | Found a runed translucent door.
  3041 | D:4      | Noticed dbhg's ghost (amateur DsFi)
  3267 | D:4      | Killed dbhg's ghost
  3268 | D:4      | Reached skill level 5 in Fighting
  3268 | D:4      | Reached XP level 5. HP: 19/35 MP: 5/5
  3268 | D:4      | Reached XP level 6. HP: 22/40 MP: 6/6
  3415 | D:5      | Entered Level 5 of the Dungeon
  3421 | D:5      | Noticed a yak
  3423 | D:5      | Noticed a yak
  3424 | D:5      | Noticed a yak
  3424 | D:5      | Noticed a yak
  3425 | D:5      | Noticed a yak
  3447 | D:4      | Killed a yak
  3553 | D:4      | HP: 1/41 [yak (2)]
  3557 | D:4      | Gained mutation: You sometimes lose the ability to read
                  | scrolls when taking damage. [potion of mutation]
  3557 | D:4      | Gained mutation: You expend magic power (3 MP) to
                  | strengthen your wands. [potion of mutation]
  3562 | D:4      | Killed a yak
  3563 | D:4      | Reached skill level 6 in Fighting
  3563 | D:4      | Reached skill level 5 in Maces & Flails
  3563 | D:4      | Reached XP level 7. HP: 4/46 MP: 7/7
  3564 | D:4      | Slain by a yak

Illustrated notes

Levels and vault maps discovered:
D:1:      amcnicky_arrival_feature_with_door, layout_basic,
          minmay_crystal_water, minmay_shallow_snake_nest
D:2:      layout_rooms, ebering_ecumenical_altar_rust, grunt_decor_junction,
          chequers_arboretum, minmay_misc_feat_columns, dreamdust_wishing_well,
          dk_noncrumbling_3
D:3:      layout_rooms, elyvilon_altar_4, tgw_fedhas
D:4:      layout_rooms, mainiacjoe_overflow_surrounded_room,
          mainiacjoe_overflow_catwalk, cheibrodos_worm_habitat,
          yredelemnul_forgotten_temple_becter, gammafunk_ghost_grave,
          minmay_hedge_maze
D:5:      kennysheep_windowed_halls, layout_basic,
          minmay_temple_entry_large_hall, gammafunk_ghost_icy

Skill      XL: |  1  2  3  4  5  6 |
---------------+-------------------+-----
Fighting       | 4 5 6 |  6.2
Maces & Flails | 3 4 5 |  5.1
Armour         | 4 |  4.9
Shields        | |  3.2

Action                   |  1- 3 |  4- 6 |  7- 9 || total
-------------------------+-------+-------+-------++-------
Melee: Flail             |    59 |    75 |     2 ||   136
  Use: Scroll            |     5 |     4 |       ||     9
       Potion            |       |     5 |       ||     5
 Stab: Sleeping          |     1 |       |       ||     1
Armor: Scale mail        |    26 |       |       ||    26
       Shadow dragon sca |    11 |    42 |     1 ||    54
Dodge: Dodged            |    35 |    26 |       ||    61
Block: Buckler           |    12 |       |       ||    12
       Kite shield       |    10 |    38 |     1 ||    49

Table legend: (Time is in decaauts)
 A = Elapsed time spent in this place.
 B = Non-inter-level travel time spent in this place.
 C = Inter-level travel time spent in this place.
 D = Time resting spent in this place.
 E = Time spent auto-exploring this place.
 F = Levels seen in this place.
 G = Mean time per level.
                   A        B        C        D        E       F      G
               +--------+--------+--------+--------+--------+-----+--------+
         Total |   3641 |   3486 |    155 |     94 |   2904 |   5 |  728.2 |
       Dungeon |   3641 |   3486 |    155 |     94 |   2904 |   5 |  728.2 |
               +--------+--------+--------+--------+--------+-----+--------+

Top non-repeatable levels by time:
     D:4: 1036 daAuts
     D:2: 939 daAuts
     D:3: 919 daAuts
     D:1: 723 daAuts
     D:5: 22 daAuts
